 Seeded DCSS version 0.28-a0-664-gc179e30c89 (webtiles) character file.

Game seed: 14741830241541483885 (custom seed)

14728 a11behringer the Basher (level 12, -1/84 HPs)
             Began as a Gargoyle Berserker on Oct 17, 2021.
             Was a High Priest of Trog.
             Slain by a gargoyle (5 damage)
             ... on level 11 of the Dungeon.
             The game lasted 00:47:41 (13041 turns).

a11behringer the Basher (Gargoyle Berserker)       Turns: 13041, Time: 00:47:42

Health: -1/84      AC: 32    Str: 28    XL:     12   Next: 19%
Magic:  12/12      EV:  8    Int:  9    God:    Trog [*****.]
Gold:   605        SH:  0    Dex: 12    Spells: 11/11 levels left

rFire   . . .      SeeInvis .   i - +2 whip (freeze)
rCold   . . .      Faith    .   (no shield)
rNeg    + . .      Spirit   .   B - +0 plate armour
rPois   ∞          Reflect  .   l - +0 helmet
rElec   +          Harm     .   (no cloak)
rCorr   .          Rampage  .   t - +2 pair of gloves
Will    ++...                   (no boots)
Stlth   ..........              E - amulet of the acrobat
HPRegen 1.24/turn               e - +6 ring of strength
MPRegen 0.13/turn               A - +4 ring of protection

@: strong-willed, on berserk cooldown, regenerating, slowed, studying Fighting,
very slow
A: sickness immunity, AC +8, negative energy resistance 1, electricity
resistance, torment resistance 1, petrification resistance
a: Renounce Religion, Berserk, Trog's Hand, Brothers in Arms


You were on level 11 of the Dungeon.
You worshipped Trog.
Trog was extremely pleased with you.
You visited 1 branch of the dungeon, and saw 11 of its levels.
You also visited: Sewer.

You collected 755 gold pieces.
You spent 150 gold pieces at shops.

Inventory:

Hand Weapons
 a - a +0 mace
 i - a +2 whip of freezing (weapon)
 o - a +2 vorpal mace
 C - a +0 shortbow
 H - a +1 flail of holy wrath
 O - a +0 great mace
 U - the +10 demon blade "Orinao" {freeze, rC- rN+ Int+2 SInv}
   (You found it on level 7 of the Dungeon)

   It freezes those it strikes, dealing additional cold damage.
   It can also slow down cold-blooded creatures.
   Int:       It affects your intelligence (+2).
   rC:        It makes you vulnerable to cold.
   rN:        It protects you from negative energy.
   SInv:      It lets you see invisible.
Missiles
 d - 170 arrows
Armour
 b - a +0 animal skin
 k - a +0 ring mail
 l - a +0 helmet (worn)
 q - a +0 chain mail
 t - a +2 pair of gloves (worn)
 w - a +0 leather armour of willpower
 B - a +0 plate armour (worn)
Jewellery
 e - a +6 ring of strength (left hand)
 m - a +4 ring of evasion
 u - a +4 ring of evasion
 A - a +4 ring of protection (right hand)
 D - a ring of ice
 E - an amulet of the acrobat (around neck)
 K - a ring of fire
 W - a ring of resist corrosion
 Y - a ring of protection from fire
Wands
 z - a wand of paralysis (5)
 F - a wand of flame (24)
 J - a wand of iceblast (6)
 X - a wand of charming (10)
Scrolls
 f - 5 scrolls of teleportation
 j - a scroll of fog
 n - a scroll of enchant armour {unknown}
 p - 2 scrolls of amnesia
 v - a scroll of fear
 y - 3 scrolls of vulnerability
 G - 2 scrolls of noise
 I - a scroll of summoning
 M - a scroll of magic mapping
 Q - 4 scrolls of identify
 R - a scroll of acquirement
 V - 2 scrolls of blinking
Potions
 c - a potion of degeneration
 g - 4 potions of flight
 h - 5 potions of heal wounds
 r - 6 potions of curing
 s - a potion of invisibility
 x - 2 potions of mutation
 L - a potion of magic
 N - a potion of attraction
 S - 2 potions of lignification {unknown}
 T - a potion of haste {unknown}
 Z - a potion of might {unknown}
Miscellaneous
 P - a condenser vane


   Skills:
 + Level 13.9 Fighting
 * Level 14.9 Maces & Flails
 + Level 9.9 Armour
 - Level 2.5 Dodging


You had 11 spell levels left.
You didn't know any spells.
Your spell library was empty.

Dungeon Overview and Level Annotations

Branches:
Dungeon (11/15)            Temple (0/1) D:6             Orc (0/2) D:9
  Sewer (visited)
   Lair: D:8-11

Altars:
Dithmenos
Elyvilon
Fedhas
Kikubaaqudgha
Makhleb
Okawaru

Shops:
D:5 ?

Portals:
Trove: D:10 (give +6 demon whip)

Annotations:
D:9 3 runed translucent doors, KoroneIsBestGirl's ghost, novice VSBe


Innate Abilities, Weirdness & Mutations

You are immune to sickness and miasma.
Your stone body is resilient. (AC +8)
You are immune to poison.
You resist negative energy. (rN+)
You are resistant to electric shocks. (rElec)
You are resistant to unholy torment.
You are immune to petrification.


Message History

You hit the troll. You freeze the troll.
The troll is almost dead.
The troll bites you but does no damage.
The troll claws you but does no damage. x2
You whack the troll! You freeze the troll.
You kill the troll!
Trog accepts your kill.
The gargoyle hurls a stone arrow at you.
The stone arrow hits you!
You see here a +1 scimitar of flaming.
You feel a strong urge to attack something.
You are no longer berserk.
You are exhausted.
You feel yourself slow down.
The gargoyle hurls a stone arrow at you.
The stone arrow misses you.
You feel the effects of Trog's Hand fading.
The gargoyle barely misses you.
The wizard casts a spell.
The wizard flickers and vanishes!
Deactivating autopickup; reactivate with Ctrl-A.
The gargoyle hits you with a +0 vorpal mace!
Your skin stops crawling.
You feel less strong-willed.
The gargoyle hurls a stone arrow at you.
The stone arrow misses you. The two-headed ogre misses you.
The two-headed ogre closely misses you. The gargoyle completely misses you.
The gargoyle misses you.
The two-headed ogre completely misses you. x2
The gargoyle hurls a stone arrow at you.
The stone arrow misses you.
The two-headed ogre hits you with a +0 giant club. x2
The two-headed ogre hits you with a +0 giant club!
* * * LOW HITPOINT WARNING * * *
The two-headed ogre hits you but does no damage.
Your skin crawls.
You feel strong-willed. The gargoyle completely misses you.
The gargoyle hits you with a +0 vorpal mace!
* * * LOW HITPOINT WARNING * * *
You die...

##############################
..#...........................
.<#.......>...................
..#.............[9............
..#.............@Oc.....#######
..#.........##########..#.....#
..#).....#..# #............#
.........#.## ####.........#
.........#.# ### ##..#.....#
.........### ... ##.#...###
###......# ..####.#§..#
..[...### #..####...# ......#
#..####...#####


You could see a two-headed ogre, a yaktaur and a gargoyle.

Vanquished Creatures
  Erolcha (D:9)
  3 two-headed ogres
  The ghost of spiderkeys the Fighter, a novice GnAK of Lugonu (D:7)
  A cyclops (D:7)
  A manticore (D:11)
  4 gargoyles
  An unseen horror (D:11)
  An efreet (D:11)
  Psyche (D:10)
  A komodo dragon (D:10)
  The ghost of oldriver the Cudgeller, a novice GrFi of Qazlal (D:8)
  A hornet (D:7)
  Grinder (D:6)
  4 trolls
  A meliai zombie (D:11)
  A centaur simulacrum (D:11)
  3 shadows (D:9)
  2 wraiths
  5 yaks (D:9)
  A steam dragon (D:8)
  Menkaure (D:6)
  A two-headed ogre zombie (D:9)
  Duvessa (D:6)
  An acid dragon (D:8)
  3 water moccasins
  A black bear (D:6)
  4 orc warriors
  A hornet zombie (D:7)
  2 ice beasts
  2 ogres
  4 sky beasts (D:6)
  A necrophage (D:5)
  3 centaurs
  A phantom (D:6)
  3 kobold brigands
  A bullfrog (D:6)
  5 scorpions
  Dowan (D:6)
  2 water moccasin skeletons
  5 electric eels
  A howler monkey (D:6)
  A bullfrog zombie (D:5)
  3 centaur zombies
  9 orc priests
  6 jellies
  2 gnoll shamans
  A centaur skeleton (D:6)
  Natasha (thrice) (D:4)
  5 iguanas
  13 orc wizards
  4 killer bee zombies
  7 ogre zombies (D:9)
  Robin (D:3)
  2 howler monkey zombies
  5 adders
  7 gnolls
  2 howler monkey skeletons
  3 river rats (Sewer)
  4 shadow imps
  An ufetubus (D:6)
  An adder zombie (D:5)
  2 worms (D:4)
  4 dart slugs
  45 orcs
  4 ball pythons
  5 bats
  7 endoplasms
  7 giant cockroaches
  12 goblins
  11 hobgoblins
  2 jackals (Sewer)
  18 kobolds
  9 quokkas
  2 frilled lizards (D:1)
  A goblin skeleton (D:9)
  2 goblin zombies (D:9)
  2 hobgoblin skeletons (D:9)
  7 hobgoblin zombies (D:9)
  2 orc skeletons (D:9)
  11 orc zombies (D:9)
  5 rats
317 creatures vanquished.

Notes
Turn   | Place    | Note
-------+----------+-------------------------------------------
     0 | D:1      | a11behringer the Gargoyle Berserker began the quest for the
                  | Orb.
     0 | D:1      | Reached XP level 1. HP: 14/14 MP: 1/1
    38 | D:1      | Found a faded altar of an unknown god.
   411 | D:1      | Reached XP level 2. HP: 17/19 MP: 2/2
   825 | D:1      | Reached XP level 3. HP: 23/23 MP: 3/3
  1226 | D:2      | Reached ** piety under Trog
  1379 | D:2      | Reached skill level 4 in Maces & Flails
  1735 | D:2      | Reached XP level 4. HP: 26/29 MP: 4/4
  2122 | D:3      | Identified a scroll of acquirement
  2122 | D:3      | Acquired a manual of Fighting
  2152 | D:3      | Reached XP level 5. HP: 23/33 MP: 5/5
  2383 | D:3      | Reached skill level 5 in Maces & Flails
  2578 | D:3      | Noticed Robin
  2590 | D:3      | Killed Robin
  3177 | D:4      | Noticed Natasha
  3185 | D:4      | Reached XP level 6. HP: 40/40 MP: 6/6
  3221 | D:4      | Killed Natasha
  3373 | D:5      | Entered Level 5 of the Dungeon
  3419 | D:5      | Found a glowing drain.
  3434 | Sewer    | Entered a sewer
  3445 | Sewer    | Reached skill level 5 in Fighting
  3445 | Sewer    | Reached skill level 6 in Maces & Flails
  3509 | Sewer    | Reached *** piety under Trog
  3538 | Sewer    | Reached XP level 7. HP: 44/44 MP: 7/7
  3578 | Sewer    | Found a white marble altar of Elyvilon.
  3968 | D:5      | Reached skill level 7 in Maces & Flails
  4126 | D:5      | Reached XP level 8. HP: 51/51 MP: 8/8
  4209 | D:5      | Reached skill level 8 in Maces & Flails
  4209 | D:5      | Found Amitaedgh's Magic Scroll Shop.
  4356 | D:4      | Noticed Natasha
  4361 | D:4      | Killed Natasha
  4668 | D:4      | Noticed Natasha
  4678 | D:4      | Killed Natasha
  5691 | D:6      | Reached skill level 9 in Maces & Flails
  5694 | D:6      | Found a staircase to the Ecumenical Temple.
  5695 | D:6      | Noticed Dowan
  5696 | D:6      | Noticed Duvessa
  5713 | D:6      | Killed Duvessa
  5715 | D:6      | Killed Dowan
  5924 | D:6      | Reached **** piety under Trog
  6104 | D:6      | Reached XP level 9. HP: 57/57 MP: 9/9
  6162 | D:6      | Noticed Menkaure
  6178 | D:6      | Killed Menkaure
  6179 | D:6      | Reached skill level 10 in Maces & Flails
  6179 | D:6      | Reached skill level 5 in Armour
  6286 | D:6      | Found an iron altar of Okawaru.
  6622 | D:6      | Noticed Grinder
  6646 | D:6      | Killed Grinder
  7012 | D:6      | Noticed a gargoyle
  7029 | D:6      | Killed a gargoyle
  7030 | D:6      | Reached skill level 11 in Maces & Flails
  7228 | D:6      | Reached XP level 10. HP: 65/65 MP: 10/10
  7720 | D:7      | Found a transporter.
  7739 | D:7      | Noticed spiderkeys's ghost (novice GnAK)
  7757 | D:7      | Found a transporter.
  7899 | D:7      | Noticed a cyclops
  7955 | D:7      | Reached skill level 12 in Maces & Flails
  8393 | D:7      | Found a shadowy altar of Dithmenos.
  8458 | D:7      | Found a burning altar of Makhleb.
  8529 | D:8      | Noticed a two-headed ogre
  8544 | D:8      | Killed a two-headed ogre
  8547 | D:8      | Reached skill level 10 in Fighting
  8921 | D:8      | Reached ***** piety under Trog
  9167 | D:8      | Found a runed translucent door.
  9169 | D:8      | Noticed oldriver's ghost (novice GrFi)
  9181 | D:8      | Killed oldriver's ghost
  9335 | D:8      | Found an ancient bone altar of Kikubaaqudgha.
  9524 | D:9      | Reached skill level 13 in Maces & Flails
  9561 | D:9      | Reached XP level 11. HP: 43/74 MP: 11/11
  9842 | D:9      | Found a runed translucent gate.
  9843 | D:9      | Found a runed translucent gate.
  9844 | D:9      | Found a runed translucent gate.
  9844 | D:9      | Noticed KoroneIsBestGirl's ghost (novice VSBe)
  9915 | D:9      | Found a staircase to the Orcish Mines.
 10437 | D:9      | Noticed Erolcha
 10457 | D:9      | Killed Erolcha
 10890 | D:7      | Killed a cyclops
 10921 | D:7      | Killed spiderkeys's ghost
 10961 | D:7      | Identified the +10 demon blade "Orinao" {freeze, rC- rN+
                  | Int+2 SInv}
 11076 | D:5      | Bought a scroll of blinking for 75 gold pieces
 11076 | D:5      | Bought a scroll of blinking for 75 gold pieces
 11183 | D:10     | Entered Level 10 of the Dungeon
 11198 | D:10     | Reached skill level 14 in Maces & Flails
 11306 | D:10     | Noticed a two-headed ogre
 11332 | D:10     | Killed a two-headed ogre
 11619 | D:10     | Found a white marble altar of Elyvilon.
 11861 | D:10     | Noticed Psyche
 11873 | D:10     | Killed Psyche
 12002 | D:10     | Found a blossoming altar of Fedhas.
 12253 | D:10     | Found a portal to a secret trove of treasure.
 12509 | D:11     | Noticed a manticore
 12525 | D:11     | Killed a manticore
 12893 | D:11     | Noticed a two-headed ogre
 12905 | D:11     | Killed a two-headed ogre
 12906 | D:11     | Reached XP level 12. HP: 60/84 MP: 12/12
 13005 | D:11     | Noticed a two-headed ogre
 13041 | D:11     | HP: 4/84 [gargoyle (16)]
 13041 | D:11     | Slain by a gargoyle

Illustrated notes

Levels and vault maps discovered:
D:1:      heliophobic_arrival_glass_houses, layout_rooms,
          ebering_ecumenical_altar_webs, serial_park_tiny_2
D:2:      layout_rooms, minmay_split_cup_small
D:3:      layout_loops_ring, uniq_robin
D:4:      layout_cave_pods, uniq_natasha
D:5:      minmay_spotlight, layout_loops_corners, gup_sewer_entry_pipe,
          nicolae_stop_n_shop_2
D:6:      kennysheep_windowed_halls, layout_layer_cave, okawaru_trees_2,
          minmay_temple_entry_large_hall, uniq_duvessa, uniq_grinder,
          uniq_menkaure
D:7:      layout_rooms, mainiacjoe_overflow_chevrons,
          mainiacjoe_overflow_alcove_4, nzn_ghost_randoct,
          amcnicky_mini_rare_corridor_liquid, dk_noncrumbling_2,
          amcnicky_mini_pool_medium
D:8:      layout_loops_ring, mainiacjoe_overflow_paths,
          ebering_ghost_inner_flame
D:9:      layout_roguey, zombieorc2_lemuel, ebering_ghost_rock_garden,
          water_maze_lemuel, uniq_erolcha
D:10:     layout_long_grid, fedhas_altar_4, nicolae_elyvilon_temple_path,
          nicolae_trove_entry_isolated, kennysheep_generic_room_6, uniq_psyche
D:11:     minmay_bloctagon, layout_grid_maze, dpeg_oklobed_lair

Skill      XL: |  1  2  3  4  5  6  7  8  9 10 11 |
---------------+----------------------------------+-----
Maces & Flails | 4 5 6 7 9 11 13 14 | 14.9
Dodging        | 2 |  2.5
Fighting       | 4 5 7 8 11 13 | 13.9
Armour         | 3 4 6 7 9 |  9.9

Action                   |  1- 3 |  4- 6 |  7- 9 | 10-12 || total
-------------------------+-------+-------+-------+-------++-------
Melee: Mace              |   131 |       |       |       ||   131
       Whip              |     2 |   191 |   468 |   815 ||  1476
Invok: Berserk           |     1 |     2 |     3 |     4 ||    10
       Trog's Hand       |       |     2 |     5 |    12 ||    19
       Brothers in Arms  |       |       |       |     1 ||     1
  Use: Scroll            |     2 |     4 |     1 |    11 ||    18
       Potion            |       |       |     1 |     1 ||     2
Armor: Animal skin       |    73 |     5 |       |       ||    78
       Ring mail         |       |    40 |       |       ||    40
       Chain mail        |       |    23 |   193 |   201 ||   417
       Plate armour      |       |       |       |   147 ||   147
Dodge: Dodged            |   133 |    72 |   272 |   298 ||   775

Table legend: (Time is in decaauts)
 A = Elapsed time spent in this place.
 B = Non-inter-level travel time spent in this place.
 C = Inter-level travel time spent in this place.
 D = Time resting spent in this place.
 E = Time spent auto-exploring this place.
 F = Levels seen in this place.
 G = Mean time per level.
                   A        B        C        D        E       F      G
               +--------+--------+--------+--------+--------+-----+--------+
         Total |  12610 |  10744 |   1866 |      0 |   8203 |  12 | 1050.8 |
       Dungeon |  12230 |  10364 |   1866 |      0 |   8160 |  11 | 1111.8 |
         Sewer |    380 |    380 |      0 |      0 |     43 |   1 |  380.0 |
               +--------+--------+--------+--------+--------+-----+--------+

Top non-repeatable levels by time:
     D:6: 1986 daAuts
     D:5: 1279 daAuts
    D:10: 1255 daAuts
     D:9: 1212 daAuts
     D:1: 1211 daAuts
     D:4: 1063 daAuts
     D:8: 1025 daAuts
     D:3: 1024 daAuts
     D:7: 920 daAuts
     D:2: 757 daAuts
    D:11: 493 daAuts
   Sewer: 380 daAuts
